 Dungeon Crawl Stone Soup version 0.29-a0-732-g3d7fbe0af2 (webtiles) character file.

Game seed: 14942455073256022571

512 MrPoopyBoutHole the Covered (level 7, -44/55 HPs)
             Began as a Formicid Fighter on June 30, 2022.
             Killed by an exploding shadow imp (50 damage)
             ... ignited by their inner flame
             ... on level 5 of the Dungeon.
             The game lasted 00:12:52 (4626 turns).

MrPoopyBoutHole the Covered (Formicid Fighter)      Turns: 4626, Time: 00:12:52

Health: -44/55     AC: 11    Str: 22    XL:     7   Next: 43%
Magic:  7/7        EV:  8    Int: 14    God:
Gold:   173        SH:  0    Dex: 13    Spells: 6/6 levels left

rFire   . . .      SeeInvis +   A - +0 giant spiked club
rCold   . . .      Faith    .   (shield currently unavailable)
rNeg    . . .      Spirit   .   f - +0 chain mail
rPois   .          Reflect  .   (helmet unavailable)
rElec   .          Harm     .   g - +0 cloak
rCorr   .          Rampage  .   (no gloves)
Will    .....                   (no boots)
Stlth   ..........              (no amulet)
HPRegen 0.18/turn               m - ring of flight
MPRegen 0.10/turn               l - +6 ring of intelligence

@: flying
A: permanent stasis, dig shafts and tunnels, antennae 3, four strong arms
a: Dig, Shaft Self


You were on level 5 of the Dungeon.
You visited 1 branch of the dungeon, and saw 5 of its levels.

You collected 173 gold pieces.

Inventory:

Hand Weapons
 a - a +0 quarterstaff
 p - a +0 sling
 t - a +0 flail
 x - a +0 spear
 y - a +2 spear of venom
 A - a +0 giant spiked club (weapon)
Missiles
 n - 10 javelins
 o - 12 stones (quivered)
Armour
 b - a +0 scale mail
 c - a +0 buckler
 f - a +0 chain mail (worn)
 g - a +0 cloak (worn)
Jewellery
 l - a +6 ring of intelligence (right hand)
 m - a ring of flight (left hand)
Wands
 z - a wand of paralysis (10)
Scrolls
 e - a scroll of immolation
 j - 4 scrolls of identify {unknown}
 q - 2 scrolls of teleportation {unknown}
 r - 3 scrolls of fog {unknown}
 u - a scroll of amnesia {unknown}
 v - a scroll of magic mapping {unknown}
Potions
 d - 3 potions of might
 h - a potion of attraction {unknown}
 i - a potion of curing {unknown}
 k - 2 potions of lignification {unknown}
 s - a potion of resistance {unknown}
 w - a potion of cancellation {unknown}


   Skills:
 * Level 4.7 Fighting
 + Level 1.2(3.2) Polearms
 + Level 4.8(4.9) Staves
 * Level 5.4 Armour
 + Level 0.4 Dodging
 * Level 5.0 Shields


You had 6 spell levels left.
You didn't know any spells.
Your spell library contained the following spells:

 Spells                   Type           Power      Damage    Failure   Level
 Tukima's Dance           Hex            0%         N/A       100%        3
 Passage of Golubria      Tloc           0%         N/A       100%        4
 Yara's Violent Unravell  Hex/Tmut       0%         3d3       100%        5


Dungeon Overview and Level Annotations

Branches:
Dungeon (5/15)
 Temple: D:4-7

Altars:

Annotations:
D:5 Eustachio


Innate Abilities, Weirdness & Mutations

You cannot be hasted, slowed, berserked, paralysed or teleported.
You can dig through walls and to a lower floor.
You have a pair of large antennae on your head. (SInv)
Your four strong arms can wield two-handed weapons with a shield.


Message History

You kill the quokka!
The quokka's corpse disappears in a puff of smoke!
The bat hits you but does no damage. The hound closely misses you.
The quokka closely misses you.
The quokka bites you but does no damage.
The hound bites you but does no damage. The phantom misses you.
The quokka bites you but does no damage.
Eustachio mumbles some strange words.
The quokka closely misses you. The shadow imp gestures at you.
Pain shoots through your body!
You hit the hound.
Flame seeps out of the hound.
The hound is lightly wounded.
The quokka disappears in a puff of smoke!
The bat hits you but does no damage.
The hound is engulfed in blazing flames.
Flame seeps out of the hound.
The hound bites you but does no damage. The bat hits you but does no damage.
The quokka closely misses you. The phantom barely misses you.
The hound is engulfed in blazing flames.
The hound explodes!
The fiery explosion engulfs Eustachio!!
Flame seeps out of Eustachio.
Eustachio is almost dead.
The fiery explosion engulfs the shadow imp!!
The shadow imp disappears in a puff of smoke!
The fiery explosion engulfs the phantom!
Flame seeps out of the phantom.
The phantom is heavily damaged.
The fiery explosion engulfs you!
* * * LOW HITPOINT WARNING * * *
The shadow imp explodes!
The fiery explosion engulfs the quokka!!!
You kill the quokka!
The quokka's corpse disappears in a puff of smoke!
The fiery explosion engulfs the bat!!
You kill the bat!
The bat's corpse disappears in a puff of smoke!
The fiery explosion engulfs you!!!
Ouch! That really hurt!
You die...

......5...§......'......#{
.................#......#
?......######'####......#
.......#........#.......#......#
.......#........#.......#......#
.......#.......{#.......#......#
.......#######@####...###......#
####### ..###§W○###...#.........
......§§@§.....#.........
.......br......#.........
...............#.........
...............#.........
...............#.........
...............#.........
#####..........#.........
#...#####'##.........
#####........########


You could see Eustachio (inner flame), a phantom (inner flame), a quokka
(summoned, inner flame) and a bat (summoned).

Vanquished Creatures
  An ogre (D:5)
  A phantom (D:4)
  A scorpion (D:3)
  A howler monkey (D:4)
  A hound (D:5)
  A jelly (D:5)
  Ijyb (D:4)
  An orc wizard (D:4)
  3 gnolls
  4 adders
  2 worms (D:3)
  3 dart slugs
  9 orcs
  A ball python (D:1)
  13 endoplasms
  6 giant cockroaches
  11 goblins
  6 hobgoblins
  7 jackals
  2 quokkas
  3 bats
  A frilled lizard (D:1)
  6 kobolds
  3 rats
88 creatures vanquished.

Notes
Turn   | Place    | Note
-------+----------+-------------------------------------------
     0 | D:1      | MrPoopyBoutHole the Formicid Fighter began the quest for
                  | the Orb.
     0 | D:1      | Reached XP level 1. HP: 18/18 MP: 1/1
    39 | D:1      | Reached XP level 2. HP: 23/24 MP: 2/2
   565 | D:1      | Reached XP level 3. HP: 29/30 MP: 3/3
  1227 | D:2      | Reached XP level 4. HP: 35/37 MP: 4/4
  1682 | D:3      | Found a faded altar of an unknown god.
  2371 | D:3      | Reached XP level 5. HP: 30/42 MP: 5/5
  2854 | D:4      | Found the +18 Lear's hauberk
  3489 | D:3      | Reached XP level 6. HP: 36/49 MP: 6/6
  4105 | D:4      | Reached skill level 5 in Armour
  4105 | D:4      | Reached XP level 7. HP: 55/55 MP: 7/7
  4164 | D:4      | Noticed Ijyb
  4171 | D:4      | Killed Ijyb
  4290 | D:5      | Entered Level 5 of the Dungeon
  4421 | D:5      | Reached skill level 1 in Polearms
  4505 | D:5      | Reached skill level 5 in Shields
  4598 | D:5      | Noticed Eustachio
  4626 | D:5      | Killed by an exploding shadow imp... ignited by their inner
                  | flame

Illustrated notes

Levels and vault maps discovered:
D:1:      ncdulo_wetmaze, layout_basic, lemuel_flame_loot_1
D:2:      layout_rooms
D:3:      layout_loops_ring, ebering_ecumenical_altar_rust, kennysheep_donut,
          grunt_ministairs_9, minmay_ruptured
D:4:      layout_basic, uniq_ijyb
D:5:      layout_gridville, minitemple, temple_doors_e, uniq_eustachio

Skill      XL: |  1  2  3  4  5  6  7 |
---------------+----------------------+-----
Staves         | 3 4 |  4.8
Fighting       | 4 |  4.7
Armour         | 4 5 |  5.4
Polearms       | 1 |  1.2
Shields        | 5 |  5.0
Dodging        | |  0.4

Action                   |  1- 3 |  4- 6 |  7- 9 || total
-------------------------+-------+-------+-------++-------
Melee: Quarterstaff      |    70 |   117 |       ||   187
       Spear             |       |    47 |    15 ||    62
       Giant spiked club |       |       |     8 ||     8
Throw: Stone             |       |       |     5 ||     5
  Use: Scroll            |     1 |       |     1 ||     2
       Potion            |       |     1 |       ||     1
Armor: Scale mail        |     1 |       |       ||     1
       Chain mail        |    31 |    68 |    37 ||   136
Dodge: Dodged            |    24 |    39 |    29 ||    92
Block: Buckler           |    14 |    40 |     1 ||    55

Table legend: (Time is in decaauts)
 A = Elapsed time spent in this place.
 B = Non-inter-level travel time spent in this place.
 C = Inter-level travel time spent in this place.
 D = Time resting spent in this place.
 E = Time spent auto-exploring this place.
 F = Levels seen in this place.
 G = Mean time per level.
                   A        B        C        D        E       F      G
               +--------+--------+--------+--------+--------+-----+--------+
         Total |   4667 |   4496 |    171 |    976 |   2634 |   5 |  933.4 |
       Dungeon |   4667 |   4496 |    171 |    976 |   2634 |   5 |  933.4 |
               +--------+--------+--------+--------+--------+-----+--------+

Top non-repeatable levels by time:
     D:3: 1953 daAuts
     D:1: 999 daAuts
     D:4: 867 daAuts
     D:2: 507 daAuts
     D:5: 339 daAuts
